 Dungeon Crawl Stone Soup version 0.24.0-37-gcf1ca852f1 (webtiles) character file.

Game seed: 17707765534650625184, levelgen mode: deterministic

364380 Amplified the Sharpshooter (level 20, -6/178 HPs)
             Began as a Demigod Earth Elementalist on Dec 3, 2019.
             Mangled by a vault sentinel
             ... wielding a +2 morningstar of protection
              (19 damage)
             ... on level 3 of the Vaults on Dec 5, 2019.
             The game lasted 02:02:02 (49361 turns).

Amplified the Sharpshooter (DgEE)                  Turns: 49361, Time: 02:02:02

Health: -6/178     AC: 21    Str: 21    XL:     20   Next: 67%
Magic:  41/42      EV: 23    Int: 25    God:
Gold:   419        SH:  6    Dex: 20    Spells: 27/45 levels left

rFire    . . .     SeeInvis +   H - +3 lajatang (vamp)
rCold    + . .     Gourm    .   (shield currently unavailable)
rNeg     + . .     Faith    .   t - +4 ring mail {rC+}
rPois    +         Spirit   .   N - +2 hat {SInv}
rElec    +         Reflect  +   K - +2 cloak {rPois}
rCorr    +         Harm     .   B - +0 pair of gloves "Plog" {rN+ Int+6}
MR       +++..                  f - +2 pair of boots {Stlth+}
Stlth    +++.......             z - +6 amulet of reflection
HPRegen  0.39/turn              a - ring of Trepidation {rCorr Str+2}
MPRegen  0.28/turn              k - +6 ring of evasion

@: no status effects
A: high mp 1, magic resistance 1, electricity resistance, subdued magic 1,
MP-powered wands
}: 2/15 runes: decaying, gossamer
a: no special abilities


You were on level 3 of the Vaults.
You were not hungry.

You visited 7 branches of the dungeon, and saw 36 of its levels.
You also visited: Sewer, Ossuary, Gauntlet and Ice Cave.

You collected 4393 gold pieces.
You spent 3974 gold pieces at shops.

Inventory:

Hand Weapons
 e - a +6 quarterstaff of draining
 p - the +9 heavy crossbow "Sniper" {velocity, Acc+∞ SInv}
   (You bought it in a shop on level 2 of the Orcish Mines)

   Any bolt fired from it inflicts extra damage.
   It lets you see invisible.
 H - a +3 vampiric lajatang (weapon)
Missiles
 m - 55 poisoned darts (quivered)
 A - 203 stones
 J - 695 bolts
Armour
 f - a +2 pair of boots of stealth (worn)
 i - the +4 ring mail "Fakh" {-Tele Str+5}
   (You found it on level 1 of the Spider Nest)

   It affects your strength (+5).
   It prevents most forms of teleportation.
 t - a +4 ring mail of cold resistance (worn)
 x - the +5 plate armour "Gyokoist" {rF+}
   (You found it on level 6 of the Dungeon)

   It protects you from fire.
 B - the +0 pair of gloves "Plog" (worn) {rN+ Int+6}
   (You found it in a Gauntlet)

   It affects your intelligence (+6).
   It protects you from negative energy.
 K - a +2 cloak of poison resistance (worn)
 L - a scarf of resistance
 N - a +2 hat of see invisible (worn)
 Z - the cursed +1 ring mail of Catatonia {rC+ Int+4}
   (You bought it in a shop on level 2 of the Orcish Mines)

   It affects your intelligence (+4).
   It protects you from cold.
   It has a curse placed upon it.
Magical Staves
 q - an uncursed staff of wizardry
 T - an uncursed staff of earth
Jewellery
 a - the ring of Trepidation (left hand) {rCorr Str+2}
   (You found it in an ice cave)

   [ring of resist corrosion]

   It affects your strength (+2).
   It provides partial protection from all sources of acid and corrosion.
 g - an uncursed ring of flight
 j - an uncursed ring of protection from cold
 k - a +6 ring of evasion (right hand)
 r - an uncursed amulet of harm
 y - an uncursed ring of positive energy
 z - a +6 amulet of reflection (around neck)
 F - an uncursed ring of protection from fire
 P - an uncursed ring of see invisible
Wands
 b - a wand of digging (4)
 c - a wand of random effects (17)
 n - a wand of flame (20)
 v - a wand of polymorph (7)
 D - a wand of disintegration (43)
 W - a wand of enslavement (17)
Scrolls
 h - 4 scrolls of enchant armour
 o - 9 scrolls of remove curse
 s - a scroll of brand weapon
 u - 17 scrolls of amnesia
 C - a scroll of magic mapping
 M - 2 scrolls of identify
 Q - a scroll of teleportation
Potions
 l - 5 potions of mutation
 w - 4 potions of lignification
 E - 2 potions of agility
 G - 2 potions of flight
 I - 7 potions of ambrosia
 R - a potion of brilliance
 S - 3 potions of magic
 U - 2 potions of cancellation
 V - 4 potions of resistance
Comestibles
 d - 38 rations
 Y - 5 chunks of flesh


   Skills:
 - Level 15.2 Fighting
 - Level 14.0 Staves
 * Level 16.5 Crossbows
 - Level 8.6 Armour
 - Level 8.0 Dodging
 - Level 1.7 Stealth
 - Level 13.2 Spellcasting
 - Level 4.1 Conjurations
 - Level 2.2 Hexes
 - Level 6.3 Transmutations
 - Level 4.7 Earth Magic
 - Level 4.0 Evocations


You had 27 spell levels left.
You knew the following spells:

 Your Spells              Type           Power        Failure   Level  Hunger
a - Sandblast             Erth           ####..       1%          1    None
b - Passwall              Tmut/Erth      ####....     1%          2    None
c - Stone Arrow           Conj/Erth      ####..       1%          3    None
d - Petrify               Tmut/Erth      ####....     4%          4    None
e - Confusing Touch       Hex            ###...       1%          1    None
f - Apportation           Tloc           ##....       4%          1    None
g - Spectral Weapon       Hex/Chrm       ###.....     8%          3    None
h - Mephitic Cloud        Conj/Pois/Air  ###.....     7%          3    None

Your spell library contained the following spells:

 Spells                   Type           Power        Failure   Level  Hunger
 Corona                   Hex            ###....      1%          1    None
 Flame Tongue             Conj/Fire      ###..        1%          1    None
 Throw Flame              Conj/Fire      ###...       2%          2    None
 Ensorcelled Hibernation  Hex/Ice        ###...       3%          2    None
 Dazzling Spray           Conj/Hex       ####..       3%          3    None
 Animate Skeleton         Necr           N/A          4%          1    None
 Infusion                 Chrm           ##..         4%          1    None
 Summon Small Mammal      Summ           ##..         4%          1    None
 Confuse                  Hex            ###.....     4%          3    None
 Tukima's Dance           Hex            ###.....     4%          3    None
 Conjure Flame            Conj/Fire      ###.....     5%          3    None
 Corpse Rot               Necr           N/A          7%          2    None
 Poisonous Vapours        Pois/Air       ##....       7%          2    None
 Shroud of Golubria       Chrm/Tloc      ##....       7%          2    None
 Song of Slaying          Chrm           ##......     7%          2    None
 Sublimation of Blood     Necr           ##........   7%          2    None
 Swiftness                Chrm/Air       ##......     7%          2    None
 Inner Flame              Hex/Fire       ###.....     8%          3    None
 Gell's Gravitas          Tloc           ##........   13%         3    None
 Regeneration             Chrm/Necr      ##........   13%         3    None
 Sticky Flame             Conj/Fire      ###.....     19%         4    None
 Lee's Rapid Deconstruct  Erth           ####......   19%         5    ###....
 Yara's Violent Unravell  Hex/Tmut       ####......   22%         5    ###....
 Bolt of Magma            Conj/Fire/Erth ###.......   36%         5    ###....
 Passage of Golubria      Tloc           N/A          43%         4    None
 Summon Lightning Spire   Summ/Air       ##......     43%         4    None
 Bolt of Draining         Conj/Necr      ###.......   50%         5    ###....
 Fireball                 Conj/Fire      ###.......   50%         5    ###....
 Metabolic Englaciation   Hex/Ice        ###.......   63%         5    ###....
 Agony                    Necr           ##......     80%         5    ###....
 Dispel Undead            Necr           ##......     80%         5    ###....
 Excruciating Wounds      Chrm/Necr      ##........   80%         5    ###....
 Darkness                 Hex            ###.......   96%         6    #####..
 Invisibility             Hex            ###.....     96%         6    #####..
 Bolt of Cold             Conj/Ice       ###.......   97%         6    #####..
 Poison Arrow             Conj/Pois      ###.......   97%         6    #####..
 Freezing Cloud           Conj/Ice/Air   ###.......   99%         6    #####..
 Ring of Flames           Chrm/Fire      ##........   100%        7    ######.
 Chain Lightning          Conj/Air       ###.......   100%        8    #######
 Lehudib's Crystal Spear  Conj/Erth      ####......   100%        8    #######
 Fire Storm               Conj/Fire      ###.......   100%        9    #######
 Glaciate                 Conj/Ice       ###.......   100%        9    #######


Dungeon Overview and Level Annotations

Branches:
Dungeon (15/15)            Temple (0/1) D:4            Lair (6/6) D:10
  Swamp (4/4) Lair:2       Spider (4/4) Lair:3        Slime (0/5) Lair:5
    Orc (2/2) D:9             Elf (2/3) Orc:2        Vaults (3/5) D:14
 Depths (0/5) D:15          Sewer (visited)         Ossuary (visited)
  IceCv (visited)         Gauntlet (visited)
  Crypt: Vaults:2-3

Shops:
Orc:2 *([=   Elf:1 %:   Vaults:2 *(

Annotations:
Lair:3 Renew spellset for sluggering
Lair:6 Go Orc
Swamp:4 Lernaean hydra
Spider:3 Heavy Wizard or Sharpshooter
Orc:2 Heavily consider Sniper
Elf:1 Crucial books
Vaults:1 Donald
Vaults:3 Bai Suzhen


Innate Abilities, Weirdness & Mutations

You have an increased reservoir of magic. (+10% MP)
You are resistant to hostile enchantments. (MR+)
You are resistant to electric shocks. (rElec)
Your spells are a little easier to cast, but a little less powerful.
You expend magic power (3 MP) to strengthen your wands.


Message History

The deep elf annihilator points at you and mumbles some strange words.
The crystal spear hits you!!!
* * * LOW HITPOINT WARNING * * *
You slash the deep elf annihilator!
You feel better.
The deep elf annihilator is heavily wounded.
You feel sick.
You block the deep elf annihilator's attack.
Unknown command.
Okay, then.
You feel much better.
You feel sick.
The deep elf annihilator points at you and mumbles some strange words.
The iron shot hits you!!!
* * * LOW HITPOINT WARNING * * *
Unknown command.
Unknown command.
You feel better.
The vault sentinel unwields a +0 arbalest.
The vault sentinel wields a +2 morningstar of protection.
The vault sentinel hits you with a +2 morningstar of protection!!
You die...

#...#...........#
#...'...........#
#...#...........#
#..######'######
#..#.......#
#..#.#...#(#
#..#..#$.((#
#..#...#e.(#
#..#...@#).#
#..#.#((p.(#
#..#.).....#
#..########....
#..####### .....
#........# ..#..
#........# ... .
#........# ....
#........# .....


You could see a deep elf annihilator and a vault sentinel.

Vanquished Creatures
  Frederick (Vaults:2)
  Arachne (Spider:3)
  The ghost of kalagan the Earth Mage, an adept GrEE of Sif Muna (Spider:2)
  Gastronok (Lair:3)
  3 thorn hunters
  5 vault wardens
  2 ghost moths (Spider:4)
  Louise (Swamp:2)
  A deep elf elementalist (Elf:1)
  A deep elf sorcerer (Elf:1)
  8 emperor scorpions
  5 ironheart preservers
  A very ugly thing (Vaults:1)
  2 stone giants
  Nessos (Lair:5)
  A minotaur (Gauntlet)
  3 entropy weavers
  6 deep elf annihilators
  A spark wasp (Spider:4)
  A deep elf demonologist (Vaults:2)
  2 deep elf death magi
  Josephine (Lair:4)
  A deep elf high priest (Elf:1)
  3 great orbs of eyes
  4 rakshasas
  A fire dragon (D:15)
  A hell beast (Gauntlet)
  4 ice dragons
  30 hydras
  4 shambling mangroves
  A ghost crab (Swamp:4)
  5 centaur warriors
  The ghost of diiiiiane the Covert, a journeyman OpAs of Dithmenos (D:10)
  11 two-headed ogres
  3 ogre magi
  5 dancing weapons
  12 alligators
  A tengu warrior (D:14)
  3 orc high priests
  Urug (D:12)
  Sonja (Lair:4)
  5 deep elf knights
  A glowing orange brain (Vaults:1)
  2 spriggan druids
  2 unseen horrors
  10 swamp dragons
  A lindwurm (Lair:4)
  8 deep elf archers
  An orb spider (shapeshifter) (D:15)
  18 orb spiders
  11 orc knights
  4 orc sorcerers (Orc:2)
  18 ugly things
  3 manticores
  An ironbrand convoker (Vaults:2)
  28 wolf spiders
  27 deep elf magi
  8 cyclopes
  2 elephants
  3 moths of wrath
  2 ice statues (IceCv)
  6 black mambas
  3 vault sentinels
  Joseph (D:7)
  2 torpor snails
  2 gargoyles
  23 spiny frogs
  A centaur skeleton (D:15)
  4 rime drakes
  8 komodo dragons
  2 kobold demonologists
  An efreet (D:14)
  A komodo dragon (shapeshifter) (Vaults:2)
  22 yaktaurs
  A freezing wraith (D:10)
  33 demonic crawlers
  12 trolls
  3 meliai (Lair:4)
  A jumping spider (shapeshifter) (Vaults:1)
  A queen bee (Lair:4)
  A polar bear (shapeshifter) (D:15)
  Prince Ribbit (D:5)
  41 jumping spiders
  22 hornets
  12 tyrant leeches
  14 blink frogs (Lair:4)
  13 bog bodies
  6 slime creatures (Swamp:3)
  Grinder (D:5)
  9 hippogriffs
  13 dream sheep
  60 redbacks
  4 flying skulls (Gauntlet)
  A vampire (D:7)
  6 spriggans
  2 water elementals (Elf:1)
  An air elemental (Elf:1)
  A centaur simulacrum (D:10)
  3 shadows
  16 tarantellas
  A human (D:12)
  8 wraiths
  38 yaks
  18 vampire mosquitoes
  Grum (D:9)
  8 basilisks
  4 wyverns
  2 fire elementals (Elf:1)
  5 hungry ghosts
  5 wargs
  14 swamp worms
  4 acid dragons
  15 insubstantial wisps
  15 water moccasins
  A soldier ant (D:12)
  9 porcupines
  Purgy (Sewer)
  36 orc warriors
  7 sky beasts
  2 eyes of draining (D:14)
  14 ice beasts (IceCv)
  17 ogres
  2 black bears
  2 phantoms
  14 swamp drakes
  An eye of draining (shapeshifter) (Vaults:3)
  A hornet zombie (D:14)
  A necrophage (D:12)
  10 wolves
  3 boggarts (Vaults:2)
  33 centaurs
  12 crocodiles
  5 big kobolds
  17 bullfrogs
  3 earth elementals (Elf:1)
  A wyvern zombie (Ossuary)
  10 scorpions
  41 killer bees
  10 wights
  6 howler monkeys
  5 bullfrog zombies
  2 quasits
  2 crimson imps
  29 orc priests
  7 centaur zombies
  2 jellies
  4 bullfrog skeletons
  9 hounds
  Crazy Yiuf (D:7)
  35 orc wizards
  A gnoll shaman (D:8)
  3 iguanas
  12 worker ants
  A statue (D:8)
  3 hound zombies
  2 hound skeletons
  15 mummies
  2 howler monkey zombies
  A worker ant zombie (D:10)
  4 gnolls (D:8)
  11 adders
  5 shadow imps
  2 oozes (D:1)
  2 adder zombies (Ossuary)
  7 worms
  A dart slug (D:1)
  2 leopard geckos
  123 orcs
  12 bats
  5 giant cockroaches
  6 goblins
  9 hobgoblins
  10 jackals
  19 kobolds
  3 quokkas
  2 ball pythons
  A ball python zombie (Ossuary)
  4 frilled lizards
  A goblin zombie (D:5)
  A hobgoblin zombie (D:5)
  A leopard gecko skeleton (D:8)
  A leopard gecko zombie (D:7)
  2 quokka zombies
  12 rats
  2 briar patches
  2 spectral weapons
1433 creatures vanquished.

Vanquished Creatures (collateral kills)
  An orc warlord (Orc:2)
  An ettin (Orc:2)
  A warg (Orc:2)
3 creatures vanquished.

Vanquished Creatures (others)
  Nikola (Spider:3)
  A hydra (Swamp:4)
  A cyclops (Orc:2)
  5 dream sheep (D:3)
  A tarantella (Spider:3)
  A bullfrog (Lair:4)
  An orc (Orc:2)
  A kobold (D:12)
  2 briar patches (Swamp:4)
  26 fungi
  14 plants
  45 spectral weapons
  3 withered plants (Ossuary)
102 creatures vanquished.

Grand Total: 1538 creatures vanquished

Notes
Turn   | Place    | Note
-------+----------+-------------------------------------------
     0 | D:1      | Amplified the Demigod Earth Elementalist began the quest
                  | for the Orb.
     0 | D:1      | Reached XP level 1. HP: 14/14 MP: 5/5
   145 | D:1      | Reached XP level 2. HP: 22/22 MP: 2/7
   294 | D:1      | Reached skill level 1 in Fighting
   363 | D:1      | Learned a level 2 spell: Passwall
   433 | D:1      | Reached XP level 3. HP: 23/28 MP: 0/9
   512 | D:1      | You fall into a shaft and drop 1 floor!
  1063 | D:2      | Reached XP level 4. HP: 26/35 MP: 10/10
  1324 | D:2      | Found a bloodstained altar of Trog.
  1372 | D:2      | Learned a level 3 spell: Stone Arrow
  1508 | D:3      | Noticed a water moccasin
  1879 | D:3      | Reached skill level 1 in Staves
  2016 | D:3      | Noticed a dream sheep
  2016 | D:3      | Noticed a dream sheep
  2016 | D:3      | Noticed a dream sheep
  2016 | D:3      | Noticed a dream sheep
  2016 | D:3      | Noticed a dream sheep
  2016 | D:3      | Found a shimmering altar of Xom.
  2019 | D:3      | Killed a dream sheep
  2019 | D:3      | Reached XP level 5. HP: 41/41 MP: 7/12
  2020 | D:3      | Killed a dream sheep
  2023 | D:3      | Killed a dream sheep
  2023 | D:3      | Killed a dream sheep
  2023 | D:3      | Killed a dream sheep
  2128 | D:3      | Killed a water moccasin
  2580 | D:3      | You fall into a shaft and drop 2 floors!
  2580 | D:5      | Entered Level 5 of the Dungeon
  2590 | D:5      | Found a glowing drain.
  2634 | Sewer    | Entered a sewer
  2657 | Sewer    | Noticed Purgy
  2665 | Sewer    | Killed Purgy
  2665 | Sewer    | Reached XP level 6. HP: 32/50 MP: 1/14
  2745 | D:5      | Noticed Prince Ribbit
  2745 | D:5      | Noticed Grinder
  2836 | D:5      | Found a sand-covered staircase.
  2840 | Ossuary  | Entered an ossuary
  2952 | Ossuary  | Reached XP level 7. HP: 55/57 MP: 15/15
  3146 | Ossuary  | Reached skill level 1 in Conjurations
  3614 | D:4      | Learned a level 4 spell: Petrify
  3724 | D:4      | Reached XP level 8. HP: 59/67 MP: 14/18
  4003 | D:4      | Found a staircase to the Ecumenical Temple.
  4386 | D:5      | Killed Grinder
  4386 | D:5      | Reached skill level 5 in Spellcasting
  4550 | D:5      | Reached skill level 5 in Fighting
  4744 | D:5      | Killed Prince Ribbit
  4842 | D:6      | Got a fine plate armour
  4851 | D:6      | Reached skill level 5 in Staves
  4953 | D:6      | Identified the +5 plate armour "Gyokoist" {rF+} (You found
                  | it on level 6 of the Dungeon)
  5037 | D:6      | Reached XP level 9. HP: 62/74 MP: 21/21
  5379 | D:7      | Learned a level 1 spell: Confusing Touch
  5536 | D:7      | Found a runed translucent door.
  5537 | D:7      | Noticed Crazy Yiuf
  5874 | D:7      | Reached skill level 1 in Hexes
  5928 | D:7      | Noticed Joseph
  5947 | D:7      | Killed Joseph
  6092 | D:7      | Killed Crazy Yiuf
  6185 | D:8      | Reached skill level 1 in Transmutations
  6515 | D:9      | Noticed Grum
  6532 | D:9      | Killed Grum
  6532 | D:9      | Reached XP level 10. HP: 79/84 MP: 23/23
  7558 | D:9      | Found a staircase to the Orcish Mines.
  7731 | D:10     | Entered Level 10 of the Dungeon
  7974 | D:8      | Paralysed by something for 3 turns
  7980 | D:8      | Paralysed by something for 4 turns
  8267 | D:7      | Paralysed by a vampire for 6 turns
  8572 | D:8      | Found a radiant altar of Vehumet.
  9023 | D:10     | Found a transporter.
  9215 | D:10     | You fall into a shaft and drop 1 floor!
  9284 | D:11     | Noticed a cyclops
  9312 | D:11     | Noticed a two-headed ogre
  9406 | D:11     | Found a gate leading to a gauntlet.
  9415 | Gauntlet | Entered a Gauntlet
  9415 | Gauntlet | Found a transporter.
  9415 | Gauntlet | Found a transporter.
  9420 | Gauntlet | Found a transporter.
  9420 | Gauntlet | Found a transporter.
  9431 | Gauntlet | Found a transporter.
  9436 | Gauntlet | Noticed a death yak
  9436 | Gauntlet | Noticed a death yak
  9437 | Gauntlet | Noticed a death yak
  9438 | Gauntlet | Found a transporter.
  9438 | Gauntlet | Noticed a necromancer
  9444 | Gauntlet | Noticed a death yak
  9445 | Gauntlet | Noticed a death yak
  9447 | Gauntlet | Noticed a necromancer
  9448 | Gauntlet | Found a transporter.
  9448 | Gauntlet | Found a transporter.
  9448 | Gauntlet | Noticed a death yak
  9448 | Gauntlet | Noticed a hell beast
  9451 | Gauntlet | Found a transporter.
  9478 | Gauntlet | Found a transporter.
  9487 | Gauntlet | Found a transporter.
  9507 | Gauntlet | Found a transporter.
  9553 | Gauntlet | Found a transporter.
  9555 | Gauntlet | Noticed a spectral death yak
  9556 | Gauntlet | Noticed a spectral death yak
  9568 | Gauntlet | Noticed a death scarab
  9569 | Gauntlet | Noticed a death scarab
  9575 | Gauntlet | Found a transporter.
  9665 | Gauntlet | Noticed a death ooze
  9671 | Gauntlet | Found a transporter.
  9685 | Gauntlet | Found a transporter.
 10084 | Gauntlet | Killed a hell beast
 10084 | Gauntlet | Reached skill level 5 in Transmutations
 10084 | Gauntlet | Reached XP level 11. HP: 47/94 MP: 1/27
 10140 | Gauntlet | Got a pair of dazzling gloves
 10151 | Gauntlet | Identified the +0 pair of gloves "Plog" {rN+ Int+6} (You
                  | found it in a Gauntlet)
 10266 | Gauntlet | Noticed a minotaur
 10294 | Gauntlet | Killed a minotaur
 10713 | D:11     | Killed a two-headed ogre
 11270 | D:10     | Found a staircase to the Lair.
 11308 | D:10     | Found a transporter.
 11310 | D:10     | Gained mutation: You expend magic power (3 MP) to
                  | strengthen your wands. [potion of mutation]
 11310 | D:10     | Gained mutation: Your spells are a little easier to cast,
                  | but a little less powerful. [potion of mutation]
 11310 | D:10     | Gained mutation: You are resistant to hostile enchantments.
                  | (MR+) [potion of mutation]
 11310 | D:10     | Gained mutation: You are resistant to electric shocks.
                  | (rElec) [potion of mutation]
 11419 | D:10     | Noticed diiiiiane's ghost (journeyman OpAs)
 12139 | Lair:1   | Entered Level 1 of the Lair of Beasts
 12203 | Lair:1   | Got a slimy robe
 12234 | Lair:1   | Identified the +1 robe "Ejuwnoir" {*Corrode rElec rN+} (You
                  | found it on level 1 of the Lair of Beasts)
 12303 | Lair:1   | Reached skill level 1 in Armour
 12868 | Lair:1   | Learned a level 1 spell: Apportation
 13250 | Lair:2   | Found a staircase to the Swamp.
 13265 | Lair:2   | Reached XP level 12. HP: 76/105 MP: 29/29
 13345 | Lair:2   | You fall into a shaft and drop 2 floors!
 13515 | Lair:4   | Noticed a seven-headed hydra
 13519 | Lair:4   | Killed a seven-headed hydra
 13656 | Lair:4   | Noticed a five-headed hydra
 13672 | Lair:4   | Found a frozen archway.
 13675 | IceCv    | Entered an ice cave
 14122 | IceCv    | Reached skill level 10 in Fighting
 14146 | IceCv    | Noticed an ice dragon
 14146 | IceCv    | Noticed an ice dragon
 14172 | IceCv    | Killed an ice dragon
 14189 | IceCv    | Got a steaming turquoise ring
 14231 | IceCv    | Reached skill level 10 in Staves
 14586 | IceCv    | Killed an ice dragon
 14714 | IceCv    | Identified the ring of Trepidation {rCorr Str+2} (You found
                  | it in an ice cave)
 14925 | Lair:4   | Noticed Josephine
 15813 | Lair:6   | Entered Level 6 of the Lair of Beasts
 15873 | Lair:5   | Reached skill level 5 in Armour
 16356 | Lair:5   | Noticed Nessos
 16369 | Lair:5   | Killed Nessos
 16404 | Lair:5   | Found a staircase to the Slime Pits.
 16404 | Lair:5   | Found a viscous altar of Jiyva.
 16744 | Lair:5   | Reached skill level 10 in Spellcasting
 16764 | Lair:5   | Noticed a four-headed hydra
 16788 | Lair:5   | Killed a four-headed hydra
 16894 | Lair:5   | Reached XP level 13. HP: 114/114 MP: 22/31
 17176 | Lair:5   | Learned a level 3 spell: Spectral Weapon
 17580 | Lair:4   | Killed Josephine
 17701 | Lair:4   | Noticed Sonja
 17706 | Lair:4   | Killed Sonja
 19138 | Lair:3   | Found a hole to the Spider Nest.
 19138 | Lair:3   | Noticed Gastronok
 19174 | Lair:3   | Killed Gastronok
 20959 | Orc:1    | Entered Level 1 of the Orcish Mines
 20984 | Orc:1    | Noticed a stone giant
 20996 | Orc:1    | Killed a stone giant
 21435 | Orc:1    | Reached XP level 14. HP: 90/125 MP: 15/33
 21558 | Orc:1    | Found a roughly hewn altar of Beogh.
 21672 | Orc:1    | Found a burning altar of Makhleb.
 21758 | Orc:2    | Entered Level 2 of the Orcish Mines
 21759 | Orc:2    | Noticed an orc warlord
 22229 | Orc:2    | Paralysed by an orc sorcerer for 4 turns
 22676 | D:10     | Killed diiiiiane's ghost
 23181 | D:12     | Noticed Urug
 23195 | D:12     | Killed Urug
 25790 | D:15     | Entered Level 15 of the Dungeon
 26382 | D:15     | Found a shattered altar of Ashenzari.
 26761 | D:15     | Found a staircase to the Depths.
 27073 | D:14     | Found an iron altar of Okawaru.
 27271 | D:14     | Reached XP level 15. HP: 129/134 MP: 33/36
 27410 | D:14     | Found a gate to the Vaults.
 27512 | D:14     | Reached skill level 5 in Dodging
 28011 | Orc:2    | Found a roughly hewn altar of Beogh.
 28393 | Orc:2    | Found Rougaps's General Store.
 28532 | Orc:2    | Found Iresic Obryo's Antique Weapon Emporium.
 28545 | Orc:2    | Bought a scroll of enchant weapon for 90 gold pieces
 28545 | Orc:2    | Bought a potion of resistance for 120 gold pieces
 28545 | Orc:2    | Bought a scroll of fog for 24 gold pieces
 28545 | Orc:2    | Bought a potion of magic for 96 gold pieces
 28746 | Orc:2    | Found Tifaom's Jewellery Emporium.
 28761 | Orc:2    | Found Wunack's Antique Armour Emporium.
 28768 | Orc:2    | Bought a jade-encrusted chain mail for 275 gold pieces
 28768 | Orc:2    | Bought a topaz-encrusted ring mail for 261 gold pieces
 28768 | Orc:2    | Identified the cursed +0 chain mail of Joy {MR+ Dex+2} (You
                  | bought it in a shop on level 2 of the Orcish Mines)
 28769 | Orc:2    | Identified the cursed +1 ring mail of Catatonia {rC+ Int+4}
                  | (You bought it in a shop on level 2 of the Orcish Mines)
 28775 | Orc:2    | Found a staircase to the Elven Halls.
 28980 | Orc:2    | Found a roughly hewn altar of Beogh.
 29088 | Orc:2    | Bought the +9 heavy crossbow "Sniper" {velocity, Acc+∞
                  | SInv} for 2207 gold pieces
 29088 | Orc:2    | Found the +9 heavy crossbow "Sniper" {velocity, Acc+∞ SInv}
 29109 | Elf:1    | Entered Level 1 of the Elven Halls
 29370 | Elf:1    | Found a radiant altar of Vehumet.
 30379 | Elf:1    | Found Pabostrir's Book Emporium.
 30941 | Elf:1    | Found Kyxteo's Food Shoppe.
 31352 | Elf:1    | Identified the Tome of Creative Conjuration
 32694 | Swamp:1  | Entered Level 1 of the Swamp
 33626 | Swamp:1  | Reached skill level 1 in Crossbows
 34143 | Swamp:2  | Noticed Louise
 34162 | Swamp:2  | Reached skill level 2 in Crossbows
 34166 | Swamp:2  | Reached XP level 16. HP: 101/146 MP: 38/38
 34531 | Swamp:2  | Found a shimmering altar of Xom.
 34757 | Swamp:2  | Killed Louise
 34846 | Swamp:2  | Identified the +1 arbalest of Defiance {penet, +Inv} (You
                  | found it on level 2 of the Swamp)
 36861 | Swamp:4  | Entered Level 4 of the Swamp
 37548 | Swamp:4  | Reached skill level 3 in Crossbows
 37548 | Swamp:4  | Reached skill level 1 in Evocations
 38434 | Spider:1 | Entered Level 1 of the Spider Nest
 38452 | Spider:1 | Reached skill level 4 in Crossbows
 38807 | Lair:3   | Learned a level 3 spell: Mephitic Cloud
 38847 | Spider:1 | Got a steaming ring mail
 38981 | Spider:1 | Reached skill level 5 in Crossbows
 39000 | Spider:1 | Identified the +4 ring mail "Fakh" {-Tele Str+5} (You found
                  | it on level 1 of the Spider Nest)
 39751 | Spider:2 | Reached skill level 6 in Crossbows
 40143 | Spider:2 | Reached XP level 17. HP: 151/154 MP: 39/39
 40274 | Spider:2 | Found a runed translucent gate.
 40275 | Spider:2 | Found a runed translucent gate.
 40276 | Spider:2 | Found a runed translucent gate.
 40276 | Spider:2 | Noticed kalagan's ghost (adept GrEE)
 40541 | Spider:2 | Reached skill level 7 in Crossbows
 40985 | Spider:2 | Killed kalagan's ghost
 41310 | Spider:3 | Identified a scroll of acquirement
 41619 | Spider:3 | Reached skill level 15 in Fighting
 41650 | Spider:3 | Reached skill level 8 in Crossbows
 41855 | Spider:3 | Noticed Arachne
 41928 | Spider:3 | Killed Arachne
 41977 | Spider:3 | Noticed Nikola
 42022 | Spider:3 | Killed Nikola
 42368 | Spider:4 | Entered Level 4 of the Spider Nest
 42439 | Spider:4 | Reached skill level 9 in Crossbows
 43072 | Spider:4 | Reached skill level 10 in Crossbows
 43485 | Spider:4 | Reached skill level 11 in Crossbows
 43649 | Spider:4 | Got a gossamer rune of Zot
 44434 | Swamp:4  | Reached skill level 12 in Crossbows
 44804 | Swamp:4  | Noticed the 27-headed Lernaean hydra
 45300 | Swamp:4  | Reached XP level 18. HP: 129/163 MP: 34/40
 45651 | Swamp:4  | Got a decaying rune of Zot
 46134 | Vaults:1 | Entered Level 1 of the Vaults
 46147 | Vaults:1 | Reached skill level 13 in Crossbows
 46147 | Vaults:1 | Reached XP level 19. HP: 165/170 MP: 41/41
 46684 | Vaults:1 | Reached skill level 14 in Crossbows
 46929 | Vaults:1 | Noticed Donald
 47143 | Vaults:2 | Found Zaurchu's Antique Weapon Boutique.
 47271 | Vaults:2 | Noticed Frederick
 47283 | Vaults:2 | Killed Frederick
 47304 | Vaults:2 | Found Zuloigeo's General Store.
 47338 | Vaults:2 | Bought a potion of experience for 850 gold pieces
 47338 | Vaults:2 | Bought a scroll of teleportation for 51 gold pieces
 47338 | Vaults:2 | Reached skill level 15 in Crossbows
 47338 | Vaults:2 | Reached XP level 20. HP: 121/178 MP: 42/42
 48483 | Vaults:2 | Reached skill level 16 in Crossbows
 48954 | Vaults:3 | Paralysed by a great orb of eyes for 4 turns
 49079 | Vaults:3 | Noticed Bai Suzhen
 49360 | Vaults:3 | HP: 5/178 [deep elf annihilator/iron shot (42)]
 49361 | Vaults:3 | Mangled by a vault sentinel

Levels and vault maps discovered:
D:1:      lightli_arrival_isolated_outpost, layout_basic,
          minmay_misc_feat_square
D:2:      layout_loops_ring, first_ration, trog_book
D:3:      layout_loops_ring, kb_xom_exploding_sheep
D:4:      layout_loops_cross, minmay_temple_entry_fiery, grunt_decor_arrowhead
D:5:      layout_basic, cheibrodos_sewer_entry_bend, nicolae_ossuary_entry_giza,
          uniq_prince_ribbit1, uniq_grinder
D:6:      layout_rooms
D:7:      layout_gridville, uniq_joseph, uniq_crazy_yiuf_cottage
D:8:      layout_cave_pools, vehumet_statue
D:9:      layout_basic, hiddenorc1_lemuel, uniq_grum
D:10:     layout_layer_cave, due_lair_maze_entry_diamond,
          gammafunk_ghost_mausoleum
D:11:     layout_long_grid, gauntlet_entry_generic
D:12:     layout_loops_ring, hangedman_stone_soup,
          chequers_serial_rivers_micro_e, item_on_display_a, uniq_urug
D:13:     layout_long_grid
D:14:     layout_cross, erik_vaults_1, okawaru_ov_weapons_minmay
D:15:     grunt_enter_depths_hoard, layout_stronghold, ashenzari_altar_1
Lair:1:   layout_loops_ring
Lair:2:   layout_chaotic_city, skrybe_swamp_entry_bodies
Lair:3:   beast_lair_carwin_large_2, layout_gridlike, spider_nest_entry_a,
          minivault_27, st_stairs_10, uniq_gastronok
Lair:4:   regret_index_wax_grids, layout_regular_city, portal_ice_cave_rime,
          uniq_josephine, uniq_sonja
Lair:5:   layout_gridlike, slime_altar_1, st_stairs_8, uniq_nessos
Lair:6:   guppyfry_lair_end_dragon, layout_concentric_octagons,
          minmay_lair_oklob_bushes, lemuel_fruit_tree, grunt_megastairs_1
Swamp:1:  layout_basic_swamp, hangedman_swamp_ruin_wall
Swamp:2:  layout_basic_swamp, lemuel_altar_in_water, uniq_louise
Swamp:3:  layout_basic_swamp, evilmike_swamp_ruin_house_1, swamp_pool1
Swamp:4:  swamp_basic_johnstein, layout_basic_swamp
Spider:1: layout_spider_delve, worms_lemuel
Spider:2: layout_chambers, ebering_ghost_rock_garden, drop_trap,
          nicolae_spider_shape, nicolae_spider_cling_ruins
Spider:3: layout_spider_delve, drop_trap, uniq_arachne, uniq_nikola
Spider:4: guppyfry_spider_rune, hangedman_spider_mandibles,
          guppyfry_spider_mini_2
Orc:1:    layout_caves, basic_altar, kennysheep_orc_chapel
Orc:2:    grunt_orc_cross, layout_caves, minmay_orc_temple_b
Elf:1:    eino_elf_arrival_altar, layout_gridlike, serial_shops,
          nicolae_shop_temple_entry_statues_fountains, nicolae_shop_statue_plus,
          minmay_elf_sorcery
Elf:2:    layout_geoelf_octagon, minmay_misc_feat_five
Vaults:1: vaults_dpeg_ring, ontoclasm_vaults_spin, grunt_vaults_hallway_short,
          hangedman_vaults_capsules, hangedman_vaults_corner,
          ontoclasm_vaults_gallery, vaults_room_grunt_arrival_ludios,
          hangedman_vaults_maws, hangedman_vaults_trim, v_misc_19,
          nicolae_vaults_theta, v_misc_15, nicolae_vaults_ring_of_whatevers,
          layout_vaults_maze_snakey, enter_trove_2, uniq_donald
Vaults:2: v_misc_23, nicolae_vaults_little_squares_3, hangedman_vaults_unwind,
          nicolae_vaults_little_squares_1, nicolae_vaults_border_crossing,
          nicolae_vaults_specimen_jars, hangedman_vaults_corner_blocks,
          vaults_standard_mumra_lines, vaults_dpeg_hooks,
          layout_vaults_omnigrid, serial_shops, nicolae_shop_crystal, shop,
          uniq_frederick
Vaults:3: dpeg_vaults_monster_row, hangedman_vaults_pinch,
          nicolae_vaults_yaktaur_gun_rack, nicolae_vaults_fighting_squares,
          nicolae_vaults_sealed_display, vaults_room_door_hall, v_pattern_4,
          nicolae_vaults_little_ls, minmay_crypt_entry_simple_box,
          layout_vaults_chaotic_city, uniq_asterion, uniq_bai_suzhen

Skill      XL: |  1  2  3  4  5  6  7  8  9 10 11 12 13 14 15 16 17 18 19 20 |
---------------+-------------------------------------------------------------+-----
Spellcasting   | 2 3 4 5 6 7 9 10 11 12 13 | 13.2
Earth Magic    | 3 4 |  4.7
Fighting       | 1 2 3 4 5 6 8 9 10 11 12 14 15 | 15.2
Staves         | 1 2 4 5 6 8 9 10 11 12 14 | 14.0
Conjurations   | 2 3 4 |  4.1
Hexes          | 2 |  2.2
Transmutations | 2 5 6 |  6.3
Armour         | 2 5 7 8 |  8.6
Dodging        | 4 8 |  8.0
Crossbows      | 2 6 12 13 15 16 | 16.5
Evocations     | 3 4 |  4.0
Stealth        | |  1.7

Action                   |  1- 3 |  4- 6 |  7- 9 | 10-12 | 13-15 | 16-18 | 19-21 || total
-------------------------+-------+-------+-------+-------+-------+-------+-------++-------
Melee: Unarmed           |     3 |       |       |       |       |       |       ||     3
       Quarterstaff      |    34 |   138 |   457 |  1109 |  1848 |   160 |       ||  3746
       Club              |     4 |       |       |       |       |       |       ||     4
       Lajatang          |       |       |       |       |       |  1665 |   607 ||  2272
 Fire: Heavy crossbow    |       |       |       |       |    91 |    61 |     3 ||   155
Throw: Stone             |       |     1 |     1 |     1 |       |       |       ||     3
       Throwing net      |       |       |       |     1 |       |       |       ||     1
       Dart              |       |       |       |       |       |     1 |     1 ||     2
 Cast: Sandblast         |    44 |     6 |       |       |       |     1 |       ||    51
       Stone Arrow       |       |    12 |    26 |    21 |     1 |       |     1 ||    61
       Confusing Touch   |       |       |     2 |    45 |    12 |     1 |     2 ||    62
       Petrify           |       |       |       |    10 |    63 |    14 |     1 ||    88
       Passwall          |       |       |       |     1 |     4 |       |       ||     5
       Spectral Weapon   |       |       |       |       |    45 |    49 |    28 ||   122
       Mephitic Cloud    |       |       |       |       |       |    23 |     9 ||    32
       Apportation       |       |       |       |       |       |       |     1 ||     1
Evoke: Wand              |       |       |    11 |    21 |    41 |    18 |       ||    91
       Phantom mirror    |       |       |       |       |       |     1 |       ||     1
  Use: Scroll            |     1 |    12 |     6 |    29 |    15 |    20 |     1 ||    84
       Potion            |       |     5 |    10 |    14 |     7 |    22 |     4 ||    62
 Stab: Sleeping          |     2 |     3 |     4 |     5 |    11 |     4 |     3 ||    32
       Invisible         |       |       |     9 |       |     3 |       |       ||    12
       Confused          |       |       |     1 |    26 |     5 |    18 |    15 ||    65
       Distracted        |       |       |     1 |       |     9 |     4 |     3 ||    17
       Held in net/web   |       |       |       |     1 |       |       |       ||     1
       Petrified         |       |       |       |    27 |    74 |    50 |       ||   151
       Paralysed         |       |       |       |     7 |    13 |    23 |       ||    43
       Petrifying        |       |       |       |       |    16 |     6 |       ||    22
  Eat: Ration            |     1 |       |     2 |     8 |    13 |    10 |       ||    34
       Chunk             |       |     5 |     7 |    13 |    15 |     8 |     8 ||    56
Armor: Robe              |    15 |    62 |    16 |       |       |       |       ||    93
       Ring mail         |       |       |    72 |   362 |   492 |   701 |   129 ||  1756
       Skin              |       |       |    11 |       |       |    47 |       ||    58
Dodge: Dodged            |    45 |   145 |   353 |   743 |  1262 |  2091 |   476 ||  5115
Block: Other             |       |       |       |   216 |   444 |   602 |   135 ||  1397
       Reflection        |       |       |       |     1 |    27 |     4 |    21 ||    53
